 Dungeon Crawl Stone Soup version 0.22.1-1-ga44c0e56f4 (webtiles) character file.

165 KleinerIrrer the Skirmisher (level 5, -3/38 HPs)
             Began as an Octopode Fighter on Oct 18, 2018.
             Slain by a sky beast (4 damage)
             ... on level 3 of the Dungeon.
             The game lasted 00:02:10 (3138 turns).

KleinerIrrer the Skirmisher (Octopode Fighter)      Turns: 3138, Time: 00:02:11

Health: -3/38      AC:  1    Str: 15    XL:     5   Next: 46%
Magic:  5/5        EV: 12    Int: 11    God:
Gold:   105        SH:  8    Dex: 12    Spells: 4/4 levels left

rFire    . . .     SeeInvis .   Y - +0 hand axe
rCold    . . .     Gourm    .   a - +0 shield
rNeg     . . .     Faith    .   (helmet restricted)
rPois    .         Spirit   .   (no amulet)
rElec    .         Reflect  .   (no ring)
rCorr    .         Harm     .   (no ring)
MR       .....                  (no ring)
Stlth    ++........             (no ring)
HPRegen  0.12/turn              (no ring)
MPRegen  0.09/turn              (no ring)
                                (no ring)
                                (no ring)

@: no status effects
A: almost no armour, stealthy swim, amphibious, 8 rings, constrict 8, camouflage
1, gelatinous body 1
a: no special abilities


You were on level 3 of the Dungeon.
You were hungry.

You visited 1 branch of the dungeon, and saw 3 of its levels.

You collected 105 gold pieces.


Innate Abilities, Weirdness & Mutations

You cannot wear most types of armour.
You are very stealthy in the water. (Stealth+)
You are amphibious.
You can wear up to eight rings at the same time.
You can use your tentacles to constrict eight enemies at once.
Your skin changes colour to match your surroundings (Stealth+).
Your rubbery body absorbs attacks. (AC +1, EV +1)


   Skills:
 - Level 4.4 Fighting
 + Level 3.1 Axes
 - Level 3.2 Dodging
 - Level 3.2 Shields
 - Level 2.1 Unarmed Combat


You had 4 spell levels left.
You didn't know any spells.
Your spell library was empty.

Inventory:

Hand Weapons
 g - a +0 mace
 Y - a +0 hand axe (weapon)
Missiles
 c - 3 tomahawks (quivered)
 q - 4 javelins
Armour
 a - a +0 shield (worn)
Jewellery
 t - an uncursed ring of stealth {unknown}
Wands
 p - a wand of random effects (19)
Scrolls
 l - a scroll of identify
 n - a scroll of blinking {unknown}
 o - 2 scrolls of fog {unknown}
 r - a scroll of enchant armour {unknown}
 s - a scroll of random uselessness {unknown}
Potions
 b - 2 potions of might
 d - a potion of degeneration {unknown}
 f - a potion of agility {unknown}
 h - 2 potions of brilliance {unknown}
 i - a potion of curing {unknown}
 j - a potion of lignification {unknown}
 m - a potion of cancellation {unknown}
Comestibles
 e - 5 rations

Dungeon Overview and Level Annotations

Branches:
Dungeon (3/15)

Altars:
Nemelex Xobeh
Wu Jian
Beogh

Annotations:
D:3 3 runed doors, darkstardao's ghost, amateur DsFi


Message History

Darkstardao's ghost lets out a mournful wail.
A sky beast comes into view.
The sky beast is too close now for your liking.
The sky beast is too close now for your liking.
The sky beast is too close now for your liking.
The sky beast is too close now for your liking.
The sky beast is too close now for your liking.
The sky beast flickers out of sight!
Deactivating autopickup; reactivate with Ctrl-A.
You miss something. Something hits you. Something shocks you.
You closely miss something. Something hits you. Something shocks you.
You hit something but do no damage. Your squeeze misses something.
Something hits you. Something shocks you.
You closely miss something. Something hits you. Something shocks you.
You block something's attack.
You miss something. Something hits you.
You die...

#.###.####)# #..........
#.#
#.####.#######.####.####
#.# #.....#........# #.#
#.# ######.#######.# #.#
#.# #.#######.# #.# #.#
#.......).# #.# #.#
########### #.#
#.############ #.#
#..........@.# #.#
############{# .# .. ###


There were no monsters in sight!

Vanquished Creatures
  An orc wizard (D:3)
  6 adders
  An ooze (D:3)
  A worm (D:3)
  3 dart slugs (D:1)
  3 leopard geckos
  9 orcs (D:3)
  A ball python (D:2)
  A giant cockroach (D:1)
  7 goblins
  10 hobgoblins
  3 kobolds (D:1)
  13 bats
  A frilled lizard (D:1)
  4 rats
64 creatures vanquished.

Notes
Turn   | Place    | Note
-------+----------+-------------------------------------------
     0 | D:1      | KleinerIrrer the Octopode Fighter began the quest for the
                  | Orb.
     0 | D:1      | Reached XP level 1. HP: 16/16 MP: 1/1
   111 | D:1      | Reached XP level 2. HP: 17/21 MP: 2/2
   419 | D:1      | 419 ||| Wielding weapon dagger.
   446 | D:1      | 446 ||| Stepping ~*~*~tactically~*~*~ (outnumbered).
   530 | D:1      | 530 ||| SWAPPING to club.
   535 | D:1      | 535 ||| DROPPING +0 dagger.
   610 | D:1      | Reached XP level 3. HP: 25/26 MP: 3/3
   618 | D:1      | 618 ||| SWAPPING to whip.
   621 | D:1      | 621 ||| DROPPING +0 club.
   762 | D:1      | 762 ||| SWAPPING to glowing spear.
   763 | D:1      | 763 ||| DROPPING +0 whip.
   884 | D:1      | 884 ||| READING scroll labeled NIPNITTEUJE.
   885 | D:1      | 885 ||| READING scroll labeled MAAFYIPREST.
   886 | D:1      | 886 ||| READING scroll labeled VEBIEPLIAFI.
   945 | D:2      | 945 ||| STAIRDANCE
  1118 | D:2      | Reached skill level 4 in Fighting
  1216 | D:2      | Reached XP level 4. HP: 12/34 MP: 4/4
  1222 | D:2      | HP: 8/34 [poisoned by an adder]
  1227 | D:2      | HP: 7/34 [poisoned by an adder]
  1234 | D:2      | HP: 6/34 [poisoned by an adder]
  1242 | D:2      | HP: 5/34 [poisoned by an adder]
  1533 | D:2      | 1533 ||| SWAPPING to hand axe.
  1534 | D:2      | 1534 ||| DROPPING +3 spear.
  1561 | D:2      | 1561 ||| EATING 3 rations.
  1777 | D:2      | Found a sparkling altar of Nemelex Xobeh.
  1811 | D:2      | 1811 ||| READING scroll labeled FIOCSO WUJA.
  1812 | D:2      | 1812 ||| READING scroll labeled ITENOI FUBAIB.
  1872 | D:3      | Found an ornate altar of the Wu Jian Council.
  1889 | D:3      | Reached skill level 1 in Axes
  1967 | D:3      | HP: 6/34 [something (6)]
  1972 | D:3      | HP: 3/34 [something (1)]
  2105 | D:3      | 2105 ||| STAIRDANCE
  2246 | D:2      | 2246 ||| READING scroll labeled ITWIGEBLARIF.
  2260 | D:3      | 2260 ||| DROPPING club.
  2263 | D:3      | Reached XP level 5. HP: 38/38 MP: 5/5
  2674 | D:3      | Reached skill level 3 in Axes
  3064 | D:3      | Found a runed gate.
  3064 | D:3      | Found a runed gate.
  3064 | D:3      | Found a runed gate.
  3066 | D:3      | Found a roughly hewn altar of Beogh.
  3067 | D:3      | Noticed darkstardao's ghost (amateur DsFi)
  3122 | D:3      | Noticed a sky beast
  3136 | D:3      | HP: 8/38 [something (6)]
  3137 | D:3      | HP: 1/38 [something (6)]
  3138 | D:3      | Slain by a sky beast

Vault maps used:
D:1:      lightli_arrival_noodles
D:2:      nemelex_spade_bored_becter
D:3:      nicolae_overflow_crystal_walls, biasface_ghost_orc_armoury

Skill      XL: |  1  2  3  4  5 |
---------------+----------------+-----
Fighting       | 4 |  4.4
Axes           | 2 3 |  3.1
Dodging        | |  3.2
Shields        | |  3.2
Unarmed Combat | |  2.1

Action                   |  1- 3 |  4- 6 || total
-------------------------+-------+-------++-------
Melee: Unarmed           |    26 |       ||    26
       Constrict         |    15 |    21 ||    36
       Tentacles         |     8 |    13 ||    21
       Punch             |     1 |     2 ||     3
       Club              |     6 |       ||     6
       Dagger            |     5 |       ||     5
       Spear             |    33 |     3 ||    36
       Whip              |     4 |       ||     4
       Hand axe          |       |    83 ||    83
Throw: Tomahawk          |       |     9 ||     9
  Use: Scroll            |     3 |     3 ||     6
 Stab: Sleeping          |     6 |     1 ||     7
  Eat: Chunk             |     1 |     2 ||     3
       Ration            |       |     1 ||     1
Armor: Skin              |     7 |     9 ||    16
Dodge: Dodged            |    22 |    20 ||    42
Block: Shield            |    24 |    27 ||    51

Table legend:
 A = Non-vault XP
 B = Vault XP
 C = Vault XP percentage of total XP
 D = Non-vault monster count
 E = Vault monster count
 F = Vault count percentage of total count
                 A         B        C        D         E       F
            +---------+---------+-------+---------+---------+-------
      Total |     237 |       0 |   0.0 |      64 |       0 |   0.0
            +---------+---------+-------+---------+---------+-------
        D:1 |      54 |       0 |   0.0 |      22 |       0 |   0.0
        D:2 |      47 |       0 |   0.0 |      15 |       0 |   0.0
        D:3 |     136 |       0 |   0.0 |      27 |       0 |   0.0
            +---------+---------+-------+---------+---------+-------
